 Dungeon Crawl Stone Soup version 0.27-a0-836-gfc908b8576 (webtiles) character file.

Game seed: 1059541470409577757

19313 HoaS the Thaumaturge (level 12, -35/70 HPs)
             Began as a Djinni Ice Elementalist on Mar 30, 2021.
             Was a Priest of Makhleb.
             Killed from afar by a bog body (51 damage)
             ... with a bolt of cold
             ... on level 2 of the Lair of Beasts on Apr 1, 2021.
             The game lasted 01:06:37 (19323 turns).

HoaS the Thaumaturge (Djinni Ice Elementalist)     Turns: 19323, Time: 01:06:37

Health: -35/70     AC: 12    Str:  7      XL:     12   Next: 67%
Gold:   266        EV: 19    Int: 26      God:    Makhleb [***...] SH:  0 Dex: 14 (15)

rFire    + + .     SeeInvis +   E - +4 rapier of Spores {drain, rPois Int+3}
rCold    x . .     Faith    .   (no shield)
rNeg     . . .     Spirit   .   w - +0 acid dragon scales
rPois    ∞         Reflect  .   v - +3 crown of Dyrovepreva {rElec Int+2 SInv}
rElec    +         Harm     .   d - +1 cloak
rCorr    +         Rampage  .   g - +0 pair of gloves
Will     ++...                  (boots unavailable)
Stlth    +.........             (no amulet)
HPRegen  0.21/turn              B - ring of willpower
MPRegen  0.00/turn              z - +4 ring of evasion

@: flying
A: fire resistance 2, cold vulnerability 1, float, innate caster, hp casting,
extra vitality 1
a: Renounce Religion, Minor Destruction, Lesser Servant of Makhleb


You were on level 2 of the Lair of Beasts.
You worshipped Makhleb.
Makhleb was most pleased with you.
You visited 3 branches of the dungeon, and saw 14 of its levels.
You also visited: Ossuary and Volcano.

You collected 725 gold pieces.
You spent 459 gold pieces at shops.

Inventory:

Hand Weapons
 E - the +4 rapier of Spores (weapon) {drain, rPois Int+3}
   (You found it on level 1 of the Lair of Beasts)

   A truly terrible weapon, it drains the life of those it strikes.
   It affects your intelligence (+3).
   It protects you from poison.
Armour
 b - a +0 tower shield
 d - a +1 cloak (worn)
 g - a +0 pair of gloves (worn)
 v - the +3 crown of Dyrovepreva (worn) {rElec Int+2 SInv}
   (You bought it in a shop on level 3 of the Dungeon)

   It affects your intelligence (+2).
   It insulates you from electricity.
   It lets you see invisible.
 w - +0 acid dragon scales (worn)
Jewellery
 a - a ring of see invisible
 z - a +4 ring of evasion (right hand)
 B - a ring of willpower (left hand)
Wands
 i - a wand of mindburst (7)
 j - a wand of polymorph (13)
 o - a wand of flame (27)
 q - a wand of charming (4)
 u - a wand of iceblast (16)
 A - a wand of paralysis (15)
 C - a wand of random effects (26)
Scrolls
 k - 3 scrolls of blinking
 m - 4 scrolls of teleportation
 n - a scroll of enchant armour
 p - a scroll of summoning
 r - 3 scrolls of fog
 y - 2 scrolls of fear
 G - a scroll of identify
Potions
 c - a potion of cancellation
 e - a potion of curing
 f - 3 potions of invisibility
 h - 2 potions of resistance
 l - 2 potions of lignification
 s - 4 potions of attraction
 t - 5 potions of mutation
 x - a potion of brilliance
 D - a potion of berserk rage {unknown}
 F - a potion of haste {unknown}


   Skills:
 + Level 11.6 Dodging
 - Level 1.5 Stealth
 * Level 14.7 Spellcasting


You had 10 spell levels left.
You knew the following spells:

 Your Spells              Type           Power      Damage    Failure   Level
a - Freeze                Ice            100%       1d11      0%          1
b - Frozen Ramparts       Ice            100%       1d12      1%          3
c - Ozocubu's Armour      Ice            77%        N/A       1%          3
d - Hailstorm             Conj/Ice       77%        3d16      1%          4
e - Summon Ice Beast      Ice/Summ       77%        N/A       1%          4
f - Summon Small Mammal   Summ           100%       N/A       0%          1
g - Searing Ray           Conj           100%       3d7       1%          2
h - Blink                 Tloc           N/A        N/A       1%          2
i - Passage of Golubria   Tloc           N/A        N/A       1%          4
j - Blade Hands           Tmut           38%        N/A       1%          6
Your spell library was empty.

Dungeon Overview and Level Annotations

Branches:
Dungeon (11/15)            Temple (1/1) D:5            Lair (2/6) D:11
  Swamp (0/4) Lair:2      Ossuary (visited)         Volcano (visited)
  Snake: Lair:2-4    Spider: Lair:2-4       Orc: D:9-12

Altars:
Ashenzari
Cheibriados
Dithmenos
Elyvilon
Fedhas
Gozag
Hepliaklqana
Kikubaaqudgha
Makhleb
Nemelex Xobeh
Okawaru
Qazlal
Ru
Sif Muna
Trog
Uskayaw
Vehumet
Wu Jian
Xom
Yredelemnul
Zin
The Shining One

Shops:
D:3 [

Annotations:
D:11 3 runed translucent doors


Innate Abilities, Weirdness & Mutations

You are immune to poison.
Your flesh is very heat resistant. (rF++)
You are vulnerable to cold. (rC-)
You float through the air rather than walking.
You learn spells naturally, not from books.
Your magical power is your life essence.
You have superior vitality. (+4 HP)


Message History

The bolt of cold hits you!!!
You feel a terrible chill!
Ouch! That really hurt!
* * * LOW HITPOINT WARNING * * *
You are too injured to fight recklessly!
You are too injured to fight recklessly!
You are too injured to fight recklessly!
You are too injured to fight recklessly!
Casting: Freeze (safe; 0% risk of failure)
Confirm with . or Enter, or press ? or * to list all spells.
Your icy armour and frozen ramparts will break if you move.
Continue?
Okay, then.
Casting: Blink (safe; 1% risk of failure)
Confirm with . or Enter, or press ? or * to list all spells.
Okay, then.
Casting: Blink (safe; 1% risk of failure)
Confirm with . or Enter, or press ? or * to list all spells.
Your icy armour and frozen ramparts will break if you move.
Continue?
You blink.
Your icy armour cracks and falls away as you move.
The frozen ramparts melt away as you move.
* * * LOW HITPOINT WARNING * * *
There is a stone staircase leading down here.
Found a stone staircase leading up.
The bog body points at you and mumbles some strange words.
You resist with almost no effort.
There is a stone staircase leading up here.
You fly upwards.
There is a stone staircase leading down here.
You start resting.
HP restored.
You fly downwards.
There is a stone staircase leading up here.
The bog body points at you and mumbles some strange words.
The bolt of cold hits you!!!
You feel a terrible chill!
Ouch! That really hurt!
* * * LOW HITPOINT WARNING * * *
The bog body points at you and mumbles some strange words.
The bolt of cold hits you!!!
You feel a terrible chill!
Ouch! That really hurt!
You die...

##...........§.§n#,,,,,
#............P##§......
*#............##......!
#...........###.P.....
#.........>.# #.S.....
#...n.......# #.+.....
#.<.........# ###.....
#...........# *.....
#....@.n....# ***,,*
#P##+#.###### *,,*
##**,..# *** ****,,*
**.#+#**,** *,,,,,*
*..,,,,,,,****,,**,*
*#.,,,,,,,***,,,,,,,*
*,,,,,,,,,**,,,,,,,,+
**,,,,,,,,+,,,,,,,,,*
*,,,,,,,,,*,,,,,,,,*


You could see 2 bog bodies.

Vanquished Creatures
  Harold (D:7)
  A hydra (Lair:1)
  2 two-headed ogres (Volcano)
  An ogre mage (Volcano)
  A hell knight (Volcano)
  Sonja (D:11)
  An ugly thing (D:11)
  2 black mambas (Lair:1)
  2 cane toads
  A komodo dragon (Lair:1)
  A hornet (D:11)
  A troll (D:10)
  4 blink frogs (Lair:1)
  6 fire bats (Volcano)
  3 wyverns
  13 yaks
  A steam dragon (D:10)
  An acid dragon (D:8)
  6 water moccasins
  3 black bears (D:8)
  2 necrophages
  A kobold brigand (D:6)
  4 bullfrogs
  2 gnoll sergeants (D:10)
  A wyvern zombie (D:6)
  2 water moccasin zombies (D:6)
  2 scorpions
  A water moccasin skeleton (D:6)
  36 killer bees
  A howler monkey (D:6)
  9 wights
  4 centaur zombies
  4 lava snakes (Volcano)
  6 bullfrog zombies (D:6)
  A hound (D:5)
  3 bullfrog skeletons
  A jelly (D:4)
  Crazy Yiuf (D:2)
  4 iguanas
  3 orc wizards
  Natasha (thrice) (D:2)
  2 killer bee zombies (D:6)
  A hound skeleton (D:5)
  A mummy (Ossuary)
  2 howler monkey zombies
  4 gnolls (D:10)
  6 adders
  A white imp (D:7)
  An ufetubus (D:5)
  An adder skeleton (D:4)
  4 worms
  A dart slug (D:1)
  19 orcs
  6 spectral bats (Ossuary)
  5 endoplasms
  2 giant cockroaches
  12 gnoll zombies (Ossuary)
  4 goblins
  6 hobgoblins
  3 jackals (D:1)
  14 kobolds
  5 quokkas
  11 ball pythons
  2 bats
  5 bat simulacra (Ossuary)
  4 frilled lizards
  4 goblin simulacra (Ossuary)
  6 goblin zombies (Ossuary)
  4 hobgoblin zombies (Ossuary)
  2 kobold simulacra (Ossuary)
  4 kobold zombies (Ossuary)
  4 orc zombies (Ossuary)
  6 rats
  4 rat simulacra (Ossuary)
  2 spectral goblins (Ossuary)
  4 spectral kobolds (Ossuary)
  2 spectral rats (Ossuary)
307 creatures vanquished.

Vanquished Creatures (collateral kills)
  A hydra (Lair:1)
  4 two-headed ogres
  2 cyclopes (D:11)
  2 hornets
  A wyvern (Lair:1)
  An orc warrior (D:10)
  9 centaurs
  2 bullfrogs
  21 killer bees (Lair:1)
  2 wights (D:10)
  A centaur zombie (D:9)
  6 gnolls (D:10)
  2 orcs (D:10)
54 creatures vanquished.

Vanquished Creatures (others)
  11 fungi
  19 plants
30 creatures vanquished.

Grand Total: 391 creatures vanquished

Notes
Turn   | Place    | Note
-------+----------+-------------------------------------------
     0 | D:1      | HoaS the Djinni Ice Elementalist began the quest for the
                  | Orb.
     0 | D:1      | Reached XP level 1. HP: 15/15 MP: 0/0
   296 | D:1      | Reached XP level 2. HP: 19/21 MP: 0/0
   355 | D:1      | Reached skill level 4 in Spellcasting
  1181 | D:2      | Noticed Natasha
  1299 | D:2      | Killed Natasha
  1300 | D:2      | Reached XP level 3. HP: 15/25 MP: 0/0
  1300 | D:2      | Learned a level 1 spell: Summon Small Mammal
  1552 | D:2      | Reached XP level 4. HP: 30/31 MP: 0/0
  1720 | D:2      | Reached skill level 5 in Spellcasting
  1732 | D:2      | Noticed Natasha
  1737 | D:2      | Killed Natasha
  2067 | D:2      | Reached XP level 5. HP: 32/35 MP: 0/0
  2067 | D:2      | Learned a level 2 spell: Searing Ray
  2143 | D:2      | Found a runed translucent door.
  2144 | D:2      | Noticed Crazy Yiuf
  2189 | D:2      | Noticed Natasha
  2193 | D:2      | Killed Natasha
  2516 | D:2      | Killed Crazy Yiuf
  3057 | D:3      | Reached skill level 6 in Spellcasting
  3286 | D:3      | Found Yppiru's Armour Emporium.
  3292 | D:3      | Bought a +0 pair of gloves for 45 gold pieces
  3342 | D:3      | Reached XP level 6. HP: 38/40 MP: 0/0
  4198 | D:4      | Noticed a necrophage
  4203 | D:4      | Killed a necrophage
  4413 | D:5      | Entered Level 5 of the Dungeon
  4422 | D:5      | Reached XP level 7. HP: 45/45 MP: 0/0
  4422 | D:5      | Learned a level 2 spell: Blink
  4447 | D:5      | Reached skill level 7 in Spellcasting
  4447 | D:5      | Found a staircase to the Ecumenical Temple.
  4469 | Temple   | Entered the Ecumenical Temple
  4727 | D:5      | Noticed a yak
  4727 | D:5      | Noticed a yak
  4727 | D:5      | Noticed a yak
  4727 | D:5      | Noticed a yak
  4803 | D:5      | Noticed a yak
  5702 | D:6      | Reached skill level 8 in Spellcasting
  5792 | D:6      | Reached XP level 8. HP: 37/50 MP: 0/0
  6133 | D:6      | Reached skill level 9 in Spellcasting
  6654 | D:6      | Found an opulent altar of Gozag.
  7076 | D:5      | Killed a yak
  7079 | D:5      | Noticed a yak
  7080 | D:5      | Killed a yak
  7080 | D:5      | Killed a yak
  7081 | D:5      | Reached skill level 10 in Spellcasting
  7081 | D:5      | Reached XP level 9. HP: 34/55 MP: 0/0
  7081 | D:5      | Learned a level 4 spell: Passage of Golubria
  7379 | D:5      | Reached skill level 5 in Dodging
  7648 | D:5      | Found a shadowy altar of Dithmenos.
  7648 | D:5      | Found a bloodstained altar of Trog.
  7786 | D:7      | Noticed Harold
  7787 | D:7      | Upgraded the game from 0.27-a0-819-g058290f16d to
                  | 0.27-a0-828-g8289197e94
  7804 | D:7      | HP: 1/55 [Harold/+0 morningstar (25)]
  7812 | D:7      | Killed Harold
  8183 | D:7      | Reached skill level 11 in Spellcasting
  8630 | D:7      | Reached XP level 10. HP: 58/60 MP: 0/0
  8744 | D:7      | Found a basalt altar of Yredelemnul.
  9039 | D:8      | Found a white marble altar of Elyvilon.
  9139 | D:8      | Found an ornate altar of the Wu Jian Council.
  9139 | D:8      | Found a shimmering altar of Xom.
  9140 | D:8      | Found a burning altar of Makhleb.
  9399 | D:8      | Found an iron altar of Okawaru.
  9442 | D:8      | Found a sand-covered staircase.
  9460 | Ossuary  | Entered an ossuary
 10439 | D:8      | Found a blossoming altar of Fedhas.
 10557 | D:8      | Found a bloodstained altar of Trog.
 10657 | D:9      | Noticed a two-headed ogre
 10665 | D:9      | Killed a two-headed ogre
 11188 | D:8      | Became a worshipper of Makhleb the Destroyer
 11214 | D:9      | Found an iron altar of Okawaru.
 11491 | D:9      | Noticed a two-headed ogre
 11518 | D:9      | Killed a two-headed ogre
 11519 | D:9      | Reached skill level 12 in Spellcasting
 12407 | D:10     | Entered Level 10 of the Dungeon
 13453 | D:11     | Noticed a cyclops
 13464 | D:11     | Killed a cyclops
 13465 | D:11     | Reached XP level 11. HP: 50/65 MP: 0/0
 13465 | D:11     | Learned a level 6 spell: Blade Hands
 13643 | D:11     | Noticed a red ugly thing
 13645 | D:11     | Noticed Sonja
 13650 | D:11     | Killed Sonja
 13650 | D:11     | Reached * piety under Makhleb
 13653 | D:11     | Killed a red ugly thing
 13921 | D:11     | Found a staircase to the Lair.
 13923 | D:11     | Noticed a two-headed ogre
 13931 | D:11     | Killed a two-headed ogre
 14025 | D:11     | Found a runed translucent gate.
 14025 | D:11     | Found a runed translucent gate.
 14025 | D:11     | Noticed a brown ugly thing
 14028 | D:11     | Found a runed translucent gate.
 14028 | D:11     | Noticed a red very ugly thing
 14028 | D:11     | Noticed a glowing orange brain
 14028 | D:11     | Noticed a purple ugly thing
 14030 | D:11     | Noticed a green ugly thing
 14227 | D:11     | Noticed a cyclops
 14236 | D:11     | Killed a cyclops
 14362 | D:11     | Found a shadowy altar of Dithmenos.
 14475 | D:11     | HP: 3/65 [centaur/arrow (1)]
 15056 | Lair:1   | Entered Level 1 of the Lair of Beasts
 15080 | Lair:1   | Reached skill level 13 in Spellcasting
 15242 | Lair:1   | Noticed a seven-headed hydra
 15308 | Lair:1   | Noticed an eight-headed hydra
 15319 | Lair:1   | Killed an eight-headed hydra
 15472 | Lair:1   | Killed a seven-headed hydra
 15717 | Lair:1   | Upgraded the game from 0.27-a0-828-g8289197e94 to
                  | 0.27-a0-836-gfc908b8576
 15891 | Lair:1   | Reached skill level 10 in Dodging
 16227 | Lair:1   | Reached ** piety under Makhleb
 16723 | Lair:1   | Reached XP level 12. HP: 31/70 MP: 0/0
 16996 | Lair:1   | Identified the +4 rapier of Spores {drain, rPois Int+3}
 17324 | Lair:1   | Found a shadowy altar of Dithmenos.
 17683 | D:3      | Bought the +3 crown of Dyrovepreva {rElec Int+2 SInv} for
                  | 414 gold pieces
 17683 | D:3      | Found the +3 crown of Dyrovepreva {rElec Int+2 SInv}
 17962 | Lair:2   | Found a dark tunnel.
 17968 | Volcano  | Entered a volcano
 18003 | Volcano  | Reached skill level 14 in Spellcasting
 18261 | Volcano  | Noticed a two-headed ogre
 18262 | Volcano  | Noticed a two-headed ogre
 18262 | Volcano  | Noticed a hell knight
 18264 | Volcano  | Noticed a two-headed ogre
 18267 | Volcano  | Killed a two-headed ogre
 18270 | Volcano  | Killed a two-headed ogre
 18272 | Volcano  | Killed a hell knight
 18273 | Volcano  | Killed a two-headed ogre
 18304 | Volcano  | Noticed an ogre mage
 18332 | Volcano  | Killed an ogre mage
 19001 | Lair:2   | Reached *** piety under Makhleb
 19042 | Lair:2   | Found a staircase to the Swamp.
 19323 | Lair:2   | Killed from afar by a bog body

Illustrated notes

Levels and vault maps discovered:
D:1:      amcnicky_arrival_wind_blow, layout_basic
D:2:      minmay_inner_zag, layout_basic, uniq_natasha, uniq_crazy_yiuf_cottage
D:3:      layout_basic, serial_shops, shop
D:4:      layout_loops_corners
D:5:      layout_loops_cross, lemuel_blue_sif_altar,
          gammafunk_temple_overflow_elements, minmay_temple_entry_offerings
D:6:      layout_loops_ring, kennysheep_mini, serial_undead, serial_undead_d,
          serial_undead_b, serial_undead_f, serial_undead_f, serial_undead_d,
          serial_undead_a, columned_hall_lemuel
D:7:      layout_loops_ring, overflow_temple_1_default, uniq_harold
D:8:      layout_rooms, grunt_temple_overflow_growth_and_decay,
          lemuel_doored_altar, nicolae_overflow_hidden_temple,
          kennysheep_mini_moat, enter_ossuary_1, trog_ov_bears_minmay
D:9:      layout_basic, basic_altar
D:10:     wander_river, layout_rooms
D:11:     layout_basic, lair_entry_dummy,
          ploomutoo_gammafunk_ghost_potion_laboratory,
          nicolae_dithmenos_shadow_blocks, uniq_sonja
Temple:   zaba_magenta_temple
Lair:1:   wad_woods_minihive, layout_long_grid, basic_altar
Lair:2:   layout_roguey, skrybe_swamp_entry_bodies, enter_volcano_2,
          minmay_holes, infiniplex_staircase_pool

Skill      XL: |  1  2  3  4  5  6  7  8  9 10 11 12 |
---------------+-------------------------------------+-----
Spellcasting   | 4 5 6 8 10 11 12 13 14 | 14.7
Dodging        | 4 6 8 10 11 | 11.6
Stealth        | |  1.5

Action                   |  1- 3 |  4- 6 |  7- 9 | 10-12 || total
-------------------------+-------+-------+-------+-------++-------
Melee: Unarmed           |     1 |       |       |       ||     1
       Spear             |     8 |    32 |    21 |       ||    61
       Mace              |       |       |       |    82 ||    82
       Rapier            |       |       |       |    12 ||    12
 Cast: Freeze            |    34 |    59 |    42 |   135 ||   270
       Searing Ray       |       |     9 |    27 |    40 ||    76
       Hailstorm         |       |       |     1 |    23 ||    24
       Summon Ice Beast  |       |       |     6 |    93 ||    99
       Frozen Ramparts   |       |       |     5 |    41 ||    46
       Blink             |       |       |     2 |     4 ||     6
       Summon Small Mamm |       |       |     2 |       ||     2
       Passage of Golubr |       |       |       |     2 ||     2
       Ozocubu's Armour  |       |       |       |    18 ||    18
  Use: Scroll            |       |    13 |     1 |    12 ||    26
       Potion            |       |       |     2 |     2 ||     4
 Stab: Sleeping          |     3 |     9 |     4 |     5 ||    21
Armor: Robe              |     2 |     2 |    28 |       ||    32
       Acid dragon scale |       |       |       |   167 ||   167
Dodge: Dodged            |    17 |    20 |    72 |   468 ||   577

Table legend: (Time is in decaauts)
 A = Elapsed time spent in this place.
 B = Non-inter-level travel time spent in this place.
 C = Inter-level travel time spent in this place.
 D = Time resting spent in this place.
 E = Time spent auto-exploring this place.
 F = Levels seen in this place.
 G = Mean time per level.
                   A        B        C        D        E       F      G
               +--------+--------+--------+--------+--------+-----+--------+
         Total |  19377 |  18286 |   1091 |   8217 |   7376 |  16 | 1211.1 |
       Dungeon |  14686 |  13710 |    976 |   5710 |   6290 |  11 | 1335.1 |
        Temple |     73 |     57 |     16 |      0 |     54 |   1 |   73.0 |
          Lair |   3038 |   2939 |     99 |   1667 |    779 |   2 | 1519.0 |
       Ossuary |    782 |    782 |      0 |    345 |    149 |   1 |  782.0 |
       Volcano |    796 |    796 |      0 |    495 |    104 |   1 |  796.0 |
               +--------+--------+--------+--------+--------+-----+--------+

Top non-repeatable levels by time:
  Lair:1: 2696 daAuts
     D:6: 1681 daAuts
    D:11: 1662 daAuts
     D:1: 1491 daAuts
     D:4: 1409 daAuts
     D:9: 1376 daAuts
     D:5: 1347 daAuts
     D:8: 1312 daAuts
     D:7: 1303 daAuts
     D:2: 1233 daAuts
    D:10: 1091 daAuts
 Volcano: 796 daAuts
 Ossuary: 782 daAuts
     D:3: 777 daAuts
  Lair:2: 341 daAuts
